 Dungeon Crawl Stone Soup version 0.20.1-1-g8b1a95d66d (webtiles) character file.

93 willthinkwithportals the Covered (level 4, -5/29 HPs)
             Began as a Gargoyle Fighter on June 15, 2018.
             Killed by divine providence
             ... invoked by an orc priest
              (11 damage)
             ... on level 3 of the Dungeon.
             The game lasted 00:16:36 (1416 turns).

willthinkwithportals the Covered (Gargoyle Fighter) Turns: 1416, Time: 00:16:37

Health: -5/29      AC: 10    Str: 20    XL:     4   Next: 62%
Magic:  4/4        EV:  7    Int: 14    God:
Gold:   43         SH:  9    Dex:  9    Spells: 3/3 levels left

rFire    . . .     SeeInvis .   a - +0 trident
rCold    . . .     Gourm    .   c - +0 shield
rNeg     + . .     Faith    .   b - +0 scale mail
rPois    ∞         Spirit   .   (no helmet)
rElec    +         Reflect  .   (no cloak)
rCorr    .         Harm     .   (no gloves)
MR       .....                  (no boots)
Stlth    ..........             (no amulet)
Regen    0.1/turn               (no ring)
MPRegen  0.1/turn               (no ring)

@: brilliant
A: negative energy resistance 1, electricity resistance, unbreathing,
petrification resistance, rot immunity, AC +3
a: no special abilities


You were on level 3 of the Dungeon.
You were not hungry.

You visited 1 branch of the dungeon, and saw 3 of its levels.

You collected 43 gold pieces.

Inventory:

Hand Weapons
 a - a +0 trident (weapon)
 e - a +0 club
 g - a +0 club
 i - a +0 club
Missiles
 f - 15 bolts (quivered)
 j - 20 stones
 k - 21 poisoned needles
Armour
 b - a +0 scale mail (worn)
 c - a +0 shield (worn)
Potions
 d - a potion of might
Comestibles
 h - 7 chunks of flesh


   Skills:
 * Level 3.8 Fighting
 + Level 2.2 Polearms
 * Level 4.6 Armour
 + Level 3.8 Shields


You had 3 spell levels left.
You didn't know any spells.

Dungeon Overview and Level Annotations

Branches:
Dungeon (3/15)

Altars:


Innate Abilities, Weirdness & Mutations

You are resistant to torment.
Your stone body is resilient. (AC +3)
You are immune to poison.
You resist negative energy. (rN+)
You are resistant to electric shocks. (rElec)
You can survive without breathing.
You are immune to petrification.
You are immune to rotting.


Message History

You kill the orc!
An orc comes into view. It is wielding a war axe.
The orc shouts!
Attack whom?
Press: ? - help, Dir - move target cursor, f - orc
Aim: an orc, wielding a war axe and wearing a scale mail You reach to attack!
You hit the orc.
The orc is lightly wounded.
You closely miss the orc priest. You block the orc's attack.
The orc priest hits you but does no damage.
You hit the orc priest but do no damage.
The orc priest invokes the aid of Beogh against you.
Beogh smites you!
* * * LOW HITPOINT WARNING * * *
The orc hits you but does no damage.
You hit the orc priest.
The orc priest is lightly wounded.
The orc priest invokes the aid of Beogh against you.
Beogh smites you!
You die...

#..#
####..#
#.....#
#.###.#
#.#.###.#
#......÷#
###.##.##
#.#...####
#.....o@.+
#....)#o##
####....#
###.## #.#
#.# #.#
#.#


You could see an orc priest and an orc.

Vanquished Creatures
  Natasha (D:2)
  An iguana (D:3)
  Robin (D:2)
  A leopard gecko (D:3)
  An orc (D:3)
  4 ball pythons
  A bat (D:2)
  A giant cockroach (D:1)
  10 goblins
  4 hobgoblins
  A kobold (D:1)
  3 rats (D:1)
29 creatures vanquished.

Notes
Turn   | Place    | Note
-------+----------+-------------------------------------------
     0 | D:1      | willthinkwithportals the Gargoyle Fighter began the quest for the Orb.
     0 | D:1      | Reached XP level 1. HP: 14/14 MP: 1/1
   730 | D:1      | Reached XP level 2. HP: 19/19 MP: 2/2
   818 | D:2      | Noticed Natasha
   823 | D:2      | Noticed a crimson imp
   835 | D:2      | Killed Natasha
   835 | D:2      | Reached skill level 4 in Armour
   835 | D:2      | Reached XP level 3. HP: 6/23 MP: 3/3
  1082 | D:2      | Noticed Robin
  1170 | D:2      | Killed Robin
  1170 | D:2      | Reached XP level 4. HP: 28/29 MP: 4/4
  1416 | D:3      | Killed from afar by an orc priest

Skill      XL: |  1  2  3 |
---------------+----------+-----
Armour         | 4 |  4.6
Polearms       | 2 |  2.2
Fighting       | |  3.8
Shields        | |  3.8

Action                   |  1- 3 |  4- 6 || total
-------------------------+-------+-------++-------
Melee: Trident           |    74 |    48 ||   122
  Use: Scroll            |     2 |     1 ||     3
       Potion            |       |     2 ||     2
  Eat: Bread ration      |     1 |       ||     1
Armor: Scale mail        |    59 |    25 ||    84
Dodge: Dodged            |    32 |    17 ||    49
Block: Shield            |    37 |    27 ||    64
